General information
- name: BNet
- type: Ladder 1vs1/FFA
- host: Battle.net
- saver: MaSiWei
map: TirisfalGlades_LV
- players: 2
- length: 20:47
- speed: Fast
- version: 1.30 W3XP
- replay type: Public
» download(156 KB)
Players
team 1 (loser)
YouWonn (
green | 153 APM | 3172 actions | 20:46)
4 Dreadlord
2 Vampiric Aura
2 Carrion Swarm
3 Lich
2 Frost Nova
1 Dark Ritual
» actions
| Assign group hotkey | 70 | |
| Basic commands | 256 | |
| Build / train | 163 | |
| ESC pressed | 11 | |
| Enter build submenu | 23 | |
| Enter hero's abilities submenu | 7 | |
| Give item / drop item | 2 | |
| Right click | 1389 | |
| Select / deselect | 568 | |
| Select group hotkey | 554 | |
| Use ability | 129 | |
3172 total
» units
| Acolyte | 23 | |
| Ghoul | 60 | |
| Obsidian Statue | 1 | |
| Gargoyle | 17 | |
101 total
» upgrades
| Unholy Armor | 2 | |
| Unholy Strength | 2 | |
| Cannibalize | 1 | |
| Ghoul Frenzy | 1 | |
6 total
» buildings
| Crypt | 2 | |
| Ziggurat | 8 | |
| Altar of Darkness | 1 | |
| Necropolis | 1 | |
| Tomb of Relics | 1 | |
| Nerubian Tower | 3 | |
| Halls of the Dead | 4 | |
| Graveyard | 1 | |
| Spirit Tower | 5 | |
| Black Citadel | 3 | |
| Slaughterhouse | 1 | |
| Sacrificial Pit | 1 | |
31 total
» build order
00:06 Crypt
00:16 Ziggurat
00:35 Altar of Darkness
01:08 Necropolis
01:27 Tomb of Relics
04:02 Crypt
04:38 Ziggurat
05:09 Nerubian Tower
05:09 Nerubian Tower
05:33 Ziggurat
07:20 Nerubian Tower
07:20 Ziggurat
08:00 Halls of the Dead
08:00 Halls of the Dead
08:01 Halls of the Dead
08:01 Halls of the Dead
08:32 Graveyard
09:50 Ziggurat
09:57 Spirit Tower
09:57 Spirit Tower
09:57 Spirit Tower
12:34 Ziggurat
12:35 Ziggurat
13:10 Black Citadel
13:11 Black Citadel
13:11 Black Citadel
14:08 Slaughterhouse
14:54 Sacrificial Pit
15:12 Spirit Tower
15:12 Spirit Tower
15:17 Ziggurat
» items
| Rod of Necromancy | 9 | |
| Scroll of Protection | 4 | |
| Orb of Corruption | 1 | |
| Potion of Lesser Invulnerability | 3 | |
17 total
team 2 (winner)
MaSiWei (
orange | 172 APM | 3573 actions | 20:47)
5 Death Knight
3 Death Coil
2 Unholy Aura
4 Lich
2 Frost Nova
2 Frost Armor
3 Dark Ranger
2 Black Arrow
1 Silence
» actions
| Assign group hotkey | 31 | |
| Basic commands | 232 | |
| Build / train | 64 | |
| ESC pressed | 1 | |
| Enter build submenu | 19 | |
| Enter hero's abilities submenu | 12 | |
| Give item / drop item | 2 | |
| Right click | 1733 | |
| Select / deselect | 611 | |
| Select group hotkey | 745 | |
| Use ability | 123 | |
3573 total
» units
| Acolyte | 12 | |
| Ghoul | 3 | |
| Crypt Fiend | 7 | |
| Obsidian Statue | 2 | |
| Abomination | 1 | |
| Frost Wyrm | 2 | |
27 total
» upgrades
| Creature Attack | 2 | |
| Burrow | 1 | |
| Creature Carapace | 1 | |
| Disease Cloud | 1 | |
| Web | 1 | |
| Freezing Breath | 1 | |
7 total
» buildings
| Graveyard | 1 | |
| Crypt | 1 | |
| Altar of Darkness | 2 | |
| Ziggurat | 5 | |
| Tomb of Relics | 1 | |
| Halls of the Dead | 2 | |
| Slaughterhouse | 1 | |
| Black Citadel | 1 | |
| Necropolis | 1 | |
| Sacrificial Pit | 1 | |
| Boneyard | 1 | |
17 total
» build order
00:09 Graveyard
00:11 Crypt
00:45 Altar of Darkness
00:58 Ziggurat
01:25 Tomb of Relics
02:02 Ziggurat
03:51 Halls of the Dead
03:51 Halls of the Dead
04:32 Ziggurat
06:36 Slaughterhouse
08:09 Ziggurat
08:11 Black Citadel
11:53 Ziggurat
13:23 Necropolis
13:34 Altar of Darkness
13:39 Sacrificial Pit
14:38 Boneyard
» items
| Rod of Necromancy | 2 | |
| Potion of Mana | 3 | |
| Scroll of Town Portal | 4 | |
| Potion of Healing | 2 | |
| Orb of Corruption | 1 | |
12 total
Chat log
(04:51 / All) YouWonn: sure mh
(20:45 / All) YouWonn: focus gg